 Dungeon Crawl Stone Soup version 0.28-a0-941-g140ffa10cf (webtiles) character file.

Game seed: 1153006633035005945

1738 Ajdolov the Conjurer (level 9, 0/52 (73) HPs)
             Began as a Naga Hedge Wizard on Nov 29, 2021.
             Was a Believer of Cheibriados.
             Slain by a wight (8 damage)
             ... on level 6 of the Dungeon.
             The game lasted 00:43:35 (7938 turns).

Ajdolov the Conjurer (Naga Hedge Wizard)            Turns: 7938, Time: 00:43:35

HP:   0/52 (73)     AC:  7    Str: 22    XL:     9   Next: 5%
MP:   3/15          EV: 10    Int: 23    God:    Cheibriados [**....]
Gold: 17            SH:  0    Dex: 14    Spells: 4/16 levels left

rFire   + . .      SeeInvis +   p - +2 spear (venom)
rCold   . . .      Faith    .   (no shield)
rNeg    . . .      Spirit   .   b - +0 robe
rPois   +          Reflect  .   a - +0 helmet
rElec   .          Harm     .   (no cloak)
rCorr   .          Rampage  .   s - +1 pair of gloves {infuse}
Will    +....                   (no barding)
Stlth   ++........              (no amulet)
HPRegen 0.17/turn               m - ring of protection from fire
MPRegen 0.14/turn               r - +6 ring of strength

@: attractive, very heavily drained, very slow
A: AC +3, large, see invisible, deformed body, poison resistance, slowness 2,
spit poison 1, naga tail 1
a: Spit Poison, Renounce Religion, Bend Time


You were on level 6 of the Dungeon.
You worshipped Cheibriados.
Cheibriados was pleased with you.
You visited 2 branches of the dungeon, and saw 7 of its levels.

You collected 308 gold pieces.
You spent 291 gold pieces at shops.

Inventory:

Hand Weapons
 p - a +2 spear of venom (weapon)
 t - a +1 vorpal spear
Armour
 a - a +0 helmet (worn)
 b - a +0 robe (worn)
 s - a +1 pair of gloves of infusion (worn)
Magical Staves
 c - a staff of cold
Jewellery
 m - a ring of protection from fire (left hand)
 r - a +6 ring of strength (right hand)
Wands
 i - a wand of flame (41)
 l - a wand of iceblast (4)
Scrolls
 f - a scroll of enchant armour
 g - a scroll of noise
 h - 2 scrolls of identify
 o - 2 scrolls of enchant weapon
Potions
 d - a potion of curing


   Skills:
 + Level 2.2 Fighting
 * Level 4.7 Polearms
 - Level 1.5 Dodging
 - Level 3.0 Stealth
 + Level 4.1 Spellcasting
 + Level 5.8 Conjurations
 - Level 1.0 Summonings
 - Level 3.1 Translocations
 + Level 4.8 Air Magic
 - Level 5.0 Poison Magic


You had 4 spell levels left.
You knew the following spells:

 Your Spells              Type           Power      Damage    Failure   Level
a - Magic Dart            Conj           100%       1d8       1%          1
b - Mephitic Cloud        Conj/Pois/Air  28%        N/A       3%          3
c - Conjure Ball Lightni  Conj/Air       14%        3x3d6     87%         6
d - Blink                 Tloc           38%        N/A       4%          2

Your spell library contained the following spells:

 Spells                   Type           Power      Damage    Failure   Level
 Corpse Rot               Necr/Air       30%        N/A       6%          2
 Conjure Flame            Conj/Fire      18%        6-21      10%         3
 Slow                     Hex            16%        N/A       11%         1
 Call Imp                 Summ           9%         N/A       11%         2
 Dispel Undead            Necr           4%         3d7       71%         4
 Death Channel            Necr           2%         N/A       100%        6
 Borgnjor's Revivificati  Necr           2%         N/A       100%        8
 Discord                  Hex            2%         N/A       100%        8
 Disjunction              Tloc           9%         N/A       100%        8
 Necromutation            Tmut/Necr      2%         N/A       100%        8
 Death's Door             Necr           2%         N/A       100%        9


Dungeon Overview and Level Annotations

Branches:
Dungeon (6/15)             Temple (1/1) D:4

Altars:
Ashenzari
Cheibriados
Dithmenos
Elyvilon
Fedhas
Gozag
Hepliaklqana
Kikubaaqudgha
Makhleb
Nemelex Xobeh
Okawaru
Qazlal
Ru
Trog
Uskayaw
Vehumet
Wu Jian
Xom
Yredelemnul
Zin
The Shining One

Shops:
D:3 *=*(   D:5 ::(:*


Innate Abilities, Weirdness & Mutations

Your serpentine skin is tough. (AC +3)
You have supernaturally acute eyesight. (SInv)
Armour fits poorly on your strangely shaped body.
Your system is resistant to poisons. (rPois)
You cover ground very slowly.
You can spit poison.
You have a snake-like lower body.


Message History

You hit the wight.
The wight is severely damaged.
The wight closely misses you. x2; The wight hits you with a +5 flail.
You feel drained.
You are too injured to fight recklessly!
You are too injured to fight recklessly!
You are too injured to fight recklessly!
You hit the wight but do no damage.
The wight is severely damaged.
The wight hits you from afar with a +4 spear.
You feel drained. The wight hits you but does no damage.
You hit the wight but do no damage.
The wight is severely damaged.
The wight hits you with a +5 flail!
* * * LOW HITPOINT WARNING * * *
The wight hits you from afar with a +4 spear.
* * * LOW HITPOINT WARNING * * *
The wight hits you but does no damage.
You feel much better. The wight hits you with a +5 flail!
You feel drained. The wight barely misses you.
The wight hits you with a +0 mace.
* * * LOW HITPOINT WARNING * * *
Unknown command.
You feel better. The wight hits you with a +5 flail.
The wight hits you from afar with a +4 spear!
* * * LOW HITPOINT WARNING * * *
You feel drained.
* * * LOW HITPOINT WARNING * * *
The wight barely misses you.
You feel better. The wight misses you. The wight completely misses you.
The wight hits you with a +0 mace.
* * * LOW HITPOINT WARNING * * *
You feel drained.
* * * LOW HITPOINT WARNING * * *
As you read the scroll labelled RUUMNAOBUS, it crumbles to dust.
It is a scroll of amnesia.
Forget Magic Dart, freeing 1 spell level for a total of 5?
Really abort (and waste the scroll)?
Okay, then.
The wight hits you with a +5 flail!
You die...

##...........#
#..)..#####.......
##...........#
#.)..s.†..?...#...
##...........#
##..#.#...####....
##########'#.#
#..#............. #...#
#..###...##..<... ####..# #...
............ ########....[#
#.###......##.#+#
.......#.###)####.###......+..#
.......# #..##@z..#......##.#
.......# ##.##z...#......####
.......#.# #zz#z...'....
.......#.# ##.#....##.#
.......#.# #......# #
.).....#.# ##.....# .......#.#
#.....### .......#.#
####÷.....#
.......#.####.........#


You could see 3 wights.

Vanquished Creatures
  Eustachio (D:4)
  Duvessa (D:4)
  3 black bears (D:5)
  A sky beast (D:5)
  A necrophage (D:6)
  A centaur (D:6)
  A kobold brigand (D:6)
  2 scorpions (D:6)
  Dowan (D:4)
  2 wights (D:6)
  A howler monkey (D:5)
  A centaur zombie (D:6)
  2 hounds
  A bullfrog skeleton (D:5)
  2 centaur skeletons
  3 iguanas
  3 orc wizards
  A howler monkey zombie (D:5)
  8 adders
  7 gnolls
  A shadow imp (D:5)
  A white imp (D:3)
  An ufetubus (D:5)
  2 adder skeletons (D:4)
  A worm (D:3)
  A dart slug (D:1)
  10 orcs
  9 ball pythons
  8 endoplasms
  5 giant cockroaches
  7 hobgoblins
  2 jackals (D:1)
  A quokka (D:1)
  9 bats
  2 frilled lizards (D:1)
  5 goblins
  17 kobolds
  6 rats
131 creatures vanquished.

Notes
Turn   | Place    | Note
-------+----------+-------------------------------------------
     0 | D:1      | Ajdolov the Naga Hedge Wizard began the quest for the Orb.
     0 | D:1      | Reached XP level 1. HP: 15/15 MP: 4/4
   204 | D:1      | Reached XP level 2. HP: 19/22 MP: 6/6
   878 | D:1      | Reached XP level 3. HP: 28/28 MP: 4/7
   882 | D:1      | Learned a level 3 spell: Mephitic Cloud
  1412 | D:1      | Reached skill level 1 in Poison Magic
  1879 | D:2      | Found a faded altar of an unknown god.
  2575 | D:3      | Found Himot Yfuvi's Jewellery Shoppe.
  2622 | D:3      | Found Inwacek's Assorted Antiques.
  2622 | D:3      | Found Yqihotits's Assorted Antiques.
  2642 | D:3      | Reached skill level 1 in Air Magic
  2642 | D:3      | Reached XP level 4. HP: 14/36 MP: 1/8
  3181 | D:3      | Found Odocwom's Antique Weapon Shop.
  3599 | D:3      | Reached XP level 5. HP: 42/42 MP: 3/9
  4333 | D:3      | Bought a glowing spear for 156 gold pieces
  4359 | D:4      | Noticed Eustachio
  4616 | D:4      | Reached skill level 1 in Polearms
  4725 | D:4      | Noticed Duvessa
  4740 | D:4      | Killed Duvessa
  4741 | D:4      | Reached XP level 6. HP: 43/49 MP: 7/10
  4822 | D:4      | Noticed Dowan
  4829 | D:4      | Killed Dowan
  5216 | D:4      | Found a staircase to the Ecumenical Temple.
  5225 | Temple   | Entered the Ecumenical Temple
  5279 | Temple   | Became a worshipper of Cheibriados the Contemplative
  5388 | D:4      | Identified the +1 leather armour "Tede Ver" {*Slow rPois
                  | Will- Int+10}
  5403 | D:4      | Killed Eustachio
  5404 | D:4      | Reached XP level 7. HP: 55/55 MP: 11/11
  5831 | D:5      | Entered Level 5 of the Dungeon
  5851 | D:5      | Reached skill level 5 in Poison Magic
  5893 | D:5      | Learned a level 6 spell: Conjure Ball Lightning
  5896 | D:5      | Learned a level 2 spell: Blink
  6155 | D:5      | Reached XP level 8. HP: 59/62 MP: 6/12
  6239 | D:5      | Found Ilotsic's Book Boutique.
  6264 | D:5      | Reached * piety under Cheibriados
  6265 | D:5      | Reached skill level 5 in Conjurations
  6416 | D:5      | Found Heeb's Book Emporium.
  6422 | D:5      | Found Simiwn's Weapon Shop.
  6499 | D:5      | Found Osodiukh's Book Shop.
  6622 | D:5      | Found Xyised's Assorted Antiques.
  7316 | D:6      | Reached skill level 1 in Fighting
  7367 | D:6      | Reached ** piety under Cheibriados
  7629 | D:3      | Bought a pair of runed gloves for 135 gold pieces
  7634 | D:3      | Upgraded the game from 0.28-a0-938-gbc3f381ebc to
                  | 0.28-a0-941-g140ffa10cf
  7742 | D:6      | Reached XP level 9. HP: 64/73 MP: 3/15
  7938 | D:6      | Slain by a wight

Illustrated notes

Levels and vault maps discovered:
D:1:      giann_forest_graveyard, layout_loops_ring, minmay_split_cup_large
D:2:      layout_basic, shapermc_ecumenical_altar_petra, serial_bayou_crossing
D:3:      layout_loops_cross, serial_shops, nicolae_shop_statue_plus, shop,
          shop, shop
D:4:      layout_loops_corners, minmay_temple_entry_tees, uniq_eustachio,
          uniq_duvessa
D:5:      layout_loops_ring, serial_shops, nicolae_stop_n_shop_2, shop, shop,
          nicolae_shop_competitors_out_of_business, shop,
          kennysheep_small_spiral
D:6:      layout_basic, mainiacjoe_overflow_surrounded_room
Temple:   compressed_dpeg_circular_temple

Skill      XL: |  1  2  3  4  5  6  7  8 |
---------------+-------------------------+-----
Conjurations   | 2 3 4 5 |  5.8
Poison Magic   | 2 3 4 5 |  5.0
Air Magic      | 1 3 4 |  4.8
Polearms       | 1 2 4 |  4.7
Translocations | 3 |  3.1
Fighting       | 2 |  2.2
Spellcasting   | 4 |  4.1
Dodging        | |  1.5
Stealth        | |  3.0
Summonings     | |  1.0

Action                   |  1- 3 |  4- 6 |  7- 9 || total
-------------------------+-------+-------+-------++-------
Melee: Dagger            |    44 |       |       ||    44
       Quarterstaff      |     8 |    34 |       ||    42
       Spear             |       |    51 |   166 ||   217
 Cast: Magic Dart        |    87 |    56 |    42 ||   185
       Mephitic Cloud    |       |     9 |     9 ||    18
       Blink             |       |       |     1 ||     1
 Abil: Spit Poison       |    10 |    21 |    14 ||    45
Evoke: Wand              |       |     3 |     2 ||     5
  Use: Potion            |     3 |       |     9 ||    12
       Scroll            |       |       |     5 ||     5
 Stab: Sleeping          |     1 |     1 |       ||     2
       Confused          |       |     2 |     6 ||     8
Armor: Robe              |    14 |    17 |    41 ||    72
Dodge: Dodged            |    33 |    49 |    82 ||   164

Table legend: (Time is in decaauts)
 A = Elapsed time spent in this place.
 B = Non-inter-level travel time spent in this place.
 C = Inter-level travel time spent in this place.
 D = Time resting spent in this place.
 E = Time spent auto-exploring this place.
 F = Levels seen in this place.
 G = Mean time per level.
                   A        B        C        D        E       F      G
               +--------+--------+--------+--------+--------+-----+--------+
         Total |  10272 |   9520 |    752 |   1314 |   6503 |   7 | 1467.4 |
       Dungeon |  10172 |   9420 |    752 |   1314 |   6468 |   6 | 1695.3 |
        Temple |     99 |     99 |      0 |      0 |     35 |   1 |   99.0 |
               +--------+--------+--------+--------+--------+-----+--------+

Top non-repeatable levels by time:
     D:3: 2008 daAuts
     D:4: 1977 daAuts
     D:5: 1970 daAuts
     D:1: 1883 daAuts
     D:2: 1510 daAuts
     D:6: 822 daAuts
  Temple: 99 daAuts
